 Dungeon Crawl Stone Soup version 0.19-a0-944-gb338e1e (webtiles) character file.

207 Etesian the Skirmisher (level 5, -1/46 HPs)
             Began as a Draconian Fighter on July 9, 2016.
             Slain by an orc wizard
             ... wielding a +1 dagger of freezing
              (2 damage)
             ... on level 3 of the Dungeon.
             The game lasted 00:06:15 (3046 turns).

Etesian the Skirmisher (Draconian Fighter)          Turns: 3046, Time: 00:06:16

Health: -1/46      AC:  5    Str: 19    XL:     5   Next: 54%
Magic:  5/5        EV: 11    Int:  8    God:
Gold:   192        SH: 10    Dex: 11    Spells: 0 memorised, 4 levels left

rFire  + . .     SeeInvis .       - Unarmed
rCold  . . .     Gourm    .     (armour unavailable)
rNeg   . . .     Faith    .     a - +1 shield
rPois  .         Spirit   .     (helmet restricted)
rElec  .         Dismiss  .     (no cloak)
rCorr  .         Reflect  .     (no gloves)
SustAt .         Harm     .     (no boots)
MR     .....                    (no amulet)
Stlth  +.........               (no ring)
                                j - ring of protection from fire

@: starving, slowed, very slow, not resistant to hostile enchantments, very
unstealthy
A: unfitting armour, cold-blooded, AC +5
a: no special abilities


You were on level 3 of the Dungeon.
You were starving.

You visited 1 branch of the dungeon, and saw 3 of its levels.

You collected 192 gold pieces.

Inventory:

Armour
 a - a +1 shield (worn)
Jewellery
 j - a ring of protection from fire (left hand)
Scrolls
 d - 2 scrolls of identify
Potions
 b - a potion of might
Comestibles
 c - 5 bread rations
 i - a slice of pizza


   Skills:
 + Level 4.2 Fighting
 + Level 3.4 Dodging
 + Level 4.0 Shields
 * Level 3.8 Unarmed Combat


You had 4 spell levels left.
You didn't know any spells.

Dungeon Overview and Level Annotations

Branches:
Dungeon (3/15)

Altars:

Annotations:
D:2 Natasha, Terence
D:3 Sigmund


Innate Abilities, Weirdness & Mutations

Your plain brown scales are hard. (AC +5)
Your body does not fit into most forms of armour.
You are cold-blooded and may be slowed by cold attacks.


Message History

You feel better. The orc wizard casts a spell at you. The magic dart hits you!
* * * LOW HITPOINT WARNING * * *
You take 1 damage, and have 1/46 hp.
You closely miss the orc wizard.
The orc wizard is severely wounded.
The orc wizard points at you and mumbles some strange words.
You feel as though you will be slow longer.
You block the orc wizard's attack.
Unknown command.
You hit the orc wizard.
The orc wizard is almost dead.
The orc wizard hits you but does no damage.
You hit the orc wizard but do no damage.
You tail-slap the orc wizard, but do no damage.
The orc wizard is almost dead.
The orc wizard closely misses you.
The orc wizard hits you with a dagger of freezing.
You die...

..... ##...##
##...>.## ##.......##
#.........#
##.......## ##.)...##
#.######....##
#....[)..#######
#..................###


You could see an orc wizard.

Vanquished Creatures
  An orc wizard (D:3)
  An orc priest (D:2)
  Natasha (D:2)
  3 adders (D:2)
  3 worms (D:2)
  4 dart slugs
  3 giant geckos
  7 orcs
  9 bats
  3 giant cockroaches (D:1)
  10 goblins
  6 hobgoblins
  4 jackals (D:2)
  6 kobolds
  2 ball pythons
  4 giant newts
  4 rats
71 creatures vanquished.

Notes
Turn   | Place    | Note
-------+----------+-------------------------------------------
     0 | D:1      | Etesian the Draconian Fighter began the quest for the Orb.
     0 | D:1      | Reached XP level 1. HP: 19/19 MP: 1/1
   122 | D:1      | Reached XP level 2. HP: 22/26 MP: 2/2
   672 | D:1      | Reached XP level 3. HP: 33/33 MP: 3/3
   980 | D:2      | Noticed Terence
  1329 | D:2      | Reached XP level 4. HP: 40/40 MP: 4/4
  1498 | D:2      | Noticed Natasha
  1515 | D:2      | Killed Natasha
  2169 | D:2      | Noticed Natasha
  2414 | D:3      | Noticed Sigmund
  2516 | D:3      | Reached XP level 5. HP: 26/46 MP: 5/5
  3035 | D:3      | HP: 2/46 [orc wizard/magic dart (8)]
  3042 | D:3      | HP: 2/46 [orc wizard/magic dart (4)]
  3046 | D:3      | Slain by an orc wizard

Vault maps used:
D:1:      saegor_arrival_simple_c
D:2:      first_bread, uniq_natasha, uniq_terence
D:3:      ecumenical_altar_2, uniq_sigmund, uniq_crazy_yiuf_cottage, uniq_iyjb

Skill      XL: |  1  2  3  4  5 |
---------------+----------------+-----
Dodging        | 3 |  3.4
Unarmed Combat | 3 |  3.8
Fighting       | 4 |  4.2
Shields        | 4 |  4.0

Action                   |  1- 3 |  4- 6 || total
-------------------------+-------+-------++-------
Melee: Unarmed           |   156 |   165 ||   321
       Tailslap          |    14 |    20 ||    34
  Use: Scroll            |     2 |     2 ||     4
       Potion            |       |     2 ||     2
 Stab: Sleeping          |     1 |       ||     1
  Eat: Chunk             |     1 |     4 ||     5
Armor: Skin              |    42 |    19 ||    61
Dodge: Dodged            |    44 |    51 ||    95
Block: Shield            |    70 |    80 ||   150
